 Dungeon Crawl Stone Soup version 0.32-a0-791-gfc315c9ecd (webtiles) character file.

Game seed: 13855105139691962669

2698 Essalna the Geomancer (level 9, -5/57 HPs)
             Began as a Gargoyle Earth Elementalist on Mar 20, 2024.
             Slain by an orc warrior
             ... wielding a +0 broad axe
              (19 damage)
             ... in a bailey.
             The game lasted 00:13:13 (5488 turns).

Essalna the Geomancer (Gargoyle Earth Elementalist) Turns: 5488, Time: 00:13:14

Health: -5/57      AC: 10    Str: 13    XL:     9   Next: 65%
Magic:  9/19       EV: 11    Int: 25    God:
Gold:   312        SH:  0    Dex: 10    Spells: 17/21 levels left

rFire   + . .        s - +7 hand axe of the Glimmering Gods {freeze, rF+ rC+ Stlth+}
rCold   + . .        (no shield)
rNeg    + . .        a - +0 robe
rPois   ∞            l - +0 helmet
rElec   +            (no cloak)
rCorr   .            k - +0 pair of gloves
SInv    .            (no boots)
Will    .....        (no amulet)
Stlth   +++          q - +6 ring of intelligence
HPRegen 0.29/turn    v - ring of flight
MPRegen 0.16/turn

%: no passive effects
@: flying
A: sickness immunity, AC +6, negative energy resistance 1, electricity
resistance, torment resistance 1, petrification resistance
a: no special abilities


You were in a bailey.
You visited 2 branches of the dungeon, and saw 8 of its levels.
You also visited: Sewer and Bailey.

You collected 312 gold pieces.

Inventory:

Hand Weapons
 d - a +2 hand axe of electrocution
 s - the +7 hand axe of the Glimmering Gods (weapon) {freeze, rF+ rC+ Stlth+}
   (You found it on level 3 of the Dungeon)

   rF+:       It protects you from fire.
   rC+:       It protects you from cold.
   Stlth+:    It makes you more stealthy.
Armour
 a - a +0 robe (worn)
 k - a +0 pair of gloves (worn)
 l - a +0 helmet (worn)
Jewellery
 f - a ring of ice
 p - a ring of ice
 q - a +6 ring of intelligence (left hand)
 r - a ring of fire
 v - a ring of flight (right hand)
 z - a +6 ring of strength
 G - a ring of see invisible
Wands
 u - a wand of mindburst (8)
Scrolls
 c - 2 scrolls of summoning {unknown}
 g - 2 scrolls of enchant armour
 m - 2 scrolls of enchant weapon {unknown}
 n - 3 scrolls of fog {unknown}
 o - a scroll of revelation
 w - a scroll of brand weapon
 C - 2 scrolls of fear {unknown}
 D - 2 scrolls of blinking {unknown}
 E - a scroll of identify
 F - a scroll of vulnerability {unknown}
Potions
 b - 2 potions of magic
 e - 3 potions of haste {unknown}
 h - 2 potions of lignification {unknown}
 i - 3 potions of curing {unknown}
 j - 5 potions of heal wounds {unknown}
 t - 3 potions of might {unknown}
 x - a potion of cancellation {unknown}
 A - 2 potions of brilliance {unknown}
 B - 3 potions of resistance {unknown}
 H - a potion of mutation {unknown}


   Skills:
 + Level 7.5 Fighting
 - Level 1.5 Dodging
 - Level 2.1 Stealth
 + Level 6.9 Spellcasting
 - Level 4.0 Conjurations
 + Level 9.4 Earth Magic


You had 17 spell levels left.
You knew the following spells:

 Your Spells              Type           Power      Damage    Failure   Level
a - Sandblast             Erth           100%       2d20      1%          1
b - Stone Arrow           Conj/Erth      84%        3d12      1%          3

Your spell library contained the following spells:

 Spells                   Type           Power      Damage    Failure   Level
 Passwall                 Erth           53%        N/A       1%          3
 Brom's Barrelling Bould  Conj/Erth      42%        2d6       4%          4
 Hailstorm                Conj/Ice       18%        3d7       9%          3
 Petrify                  Alch/Erth      32%        N/A       10%         4
 Summon Ice Beast         Ice/Summ       8%         N/A       21%         3
 Volatile Blastmotes      Fire/Tloc      16%        2d11      21%         3
 Bombard                  Conj/Erth      21%        9d4       54%         6
 Permafrost Eruption      Ice/Erth       16%        2x4d6     83%         6
 Sculpt Simulacrum        Ice/Alch       4%         N/A       100%        6


Dungeon Overview and Level Annotations

Branches:
Dungeon (7/15)             Temple (1/1) D:6           Sewer (visited)
 Bailey (1/1)

Altars:
Ashenzari
Cheibriados
Dithmenos
Fedhas
Gozag
Hepliaklqana
Kikubaaqudgha
Makhleb
Nemelex Xobeh
Qazlal
Ru
Sif Muna
Trog
Uskayaw
Vehumet
Wu Jian
Xom
Yredelemnul
Zin
The Shining One

Shops:
D:2 *   D:4 ?*=(


Innate Abilities, Weirdness & Mutations

You are immune to sickness and miasma.
Your stone body is resilient. (AC +6)
You are immune to poison.
You resist negative energy. (rN+)
You are resistant to electric shocks. (rElec)
You are resistant to unholy torment.
You are immune to petrification.


Message History

Press: ? - help, Shift-Dir - straight line, f - orc warlord
Aim: an orc warlord, wielding a +3 broad axe and wearing a +0 plate armour (chance to affect: 29%)
Okay, then.
Things that are here:
a +0 hand axe; a +0 leather armour The orc warrior hits you with a +0 broad axe!
Things that are here:
a +0 hand axe; a +0 leather armour
Items here: ))) [[[ ÷.
The orc warrior yells loudly.
There is an open door, spattered with blood here.
Things that are here:
a +0 hand axe; a +0 leather armour; a gnoll skeleton The orc warrior attacks as it pursues you!
The orc warrior barely misses you.
Casting: Sandblast (safe; 1% risk of failure)
Confirm with . or Enter, or press ? or * to list all spells.
Aiming: Stone Arrow (safe; 1% risk of failure)
Press: ? - help, Shift-Dir - straight line, f - orc warrior
Aim: an orc warrior, wielding a +0 broad axe and wearing a +0 plate armour (strong, 76% to hit)
The stone arrow hits the orc warrior!!
The orc warrior is severely wounded.
The orc warrior hits you with a +0 broad axe!!
Casting: Stone Arrow (safe; 1% risk of failure)
Confirm with . or Enter, or press ? or * to list all spells.
Aiming: Stone Arrow (safe; 1% risk of failure)
Press: ? - help, Shift-Dir - straight line, f/p - orc warrior
Aim: an orc warrior, wielding a +0 broad axe and wearing a +0 plate armour (severely wounded, strong, 76% to hit)
The stone arrow hits the orc warrior.
The orc warrior is almost dead.
The orc warrior hits you with a +0 broad axe!
* * * LOW HITPOINT WARNING * * *
Casting: Stone Arrow (safe; 1% risk of failure)
Confirm with . or Enter, or press ? or * to list all spells.
Aiming: Stone Arrow (safe; 1% risk of failure)
Press: ? - help, Shift-Dir - straight line, f/p - orc warrior
Aim: an orc warrior, wielding a +0 broad axe and wearing a +0 plate armour (almost dead, strong, 76% to hit)
The stone arrow misses the orc warrior.
The orc warrior hits you with a +0 broad axe!!
You die...

#.......# ##.......##
#.........# ##.........##
#######.....⌠.....####
##.....##.........##...
#.......)o))......)....
##.....go##.......##.)..
#......@..#.......#..)..
##.........##ßßoßß##.....
#....)⌠.....###o###.....⌠
##.........###.g.###.....
#.........#.......#.....
##...)...##.......##....
#.......#o...oo. #....
##..)).## ##... ##)####
####


You could see an orc warlord, an orc warrior (strong) and a goblin.

Vanquished Creatures
  An orc knight (Bailey)
  Sigmund (D:5)
  8 orc warriors
  A black bear (D:5)
  2 ogres (D:4)
  2 phantoms
  2 brain worms (Sewer)
  2 scorpions
  A wight (D:7)
  2 bombardier beetles
  4 hounds
  A gnoll bouda (D:5)
  An orc priest (D:5)
  An iguana (D:5)
  An orc wizard (D:5)
  7 gnolls
  A river rat (D:6)
  13 adders
  3 dart slugs
  2 ribbon worms (D:2)
  18 orcs
  3 endoplasms
  9 giant cockroaches
  22 goblins
  14 hobgoblins
  4 quokkas
  9 ball pythons
  8 bats
  9 frilled lizards
  9 kobolds
  10 rats
171 creatures vanquished.

Notes
Turn   | Place    | Note
-------+----------+-------------------------------------------
     0 | D:1      | Essalna the Gargoyle Earth Elementalist began the quest for
                  | the Orb.
     0 | D:1      | Reached XP level 1. HP: 10/10 MP: 3/3
   133 | D:1      | Reached XP level 2. HP: 15/15 MP: 3/5
   301 | D:1      | Reached skill level 4 in Earth Magic
   498 | D:1      | Reached XP level 3. HP: 19/19 MP: 4/6
  1021 | D:2      | Learned a level 3 spell: Stone Arrow
  1174 | D:2      | Found Goagyte's General Store.
  1178 | D:2      | Reached XP level 4. HP: 24/24 MP: 8/8
  1485 | D:3      | Reached skill level 1 in Fighting
  1641 | D:3      | Identified the +7 hand axe of the Glimmering Gods {freeze,
                  | rF+ rC+ Stlth+}
  1727 | D:3      | Reached XP level 5. HP: 21/29 MP: 9/9
  1965 | D:3      | Found a burning altar of Makhleb.
  2119 | D:3      | Found a shadowy altar of Dithmenos.
  2266 | D:4      | Found Gaaxzih's Magic Scroll Shoppe.
  2266 | D:4      | Found Isanlar's Assorted Antiques.
  2267 | D:4      | Found Inix's Jewellery Shoppe.
  2267 | D:4      | Found Jinac's Antique Weapon Shoppe.
  2339 | D:4      | Noticed an ogre
  2343 | D:4      | Killed an ogre
  2344 | D:4      | Reached skill level 5 in Earth Magic
  2344 | D:4      | Reached XP level 6. HP: 35/35 MP: 6/11
  2909 | D:4      | Reached XP level 7. HP: 41/41 MP: 8/12
  3066 | D:5      | Entered Level 5 of the Dungeon
  3173 | D:5      | Reached skill level 6 in Earth Magic
  3682 | D:5      | Reached XP level 8. HP: 48/48 MP: 13/15
  3790 | D:5      | Noticed Sigmund
  3795 | D:5      | Killed Sigmund
  3796 | D:5      | Reached skill level 5 in Spellcasting
  3796 | D:5      | Reached skill level 7 in Earth Magic
  3979 | D:6      | Reached skill level 5 in Fighting
  4041 | D:6      | Found a glowing drain.
  4050 | Sewer    | Entered a sewer
  4708 | D:6      | Noticed a queen bee
  4775 | D:6      | Found a staircase to the Ecumenical Temple.
  4792 | Temple   | Entered the Ecumenical Temple
  4836 | D:6      | Found a radiant altar of Vehumet.
  4874 | D:7      | Found a flagged portal.
  4883 | Bailey   | Entered a bailey
  4945 | Bailey   | Reached skill level 8 in Earth Magic
  4946 | Bailey   | Reached XP level 9. HP: 55/55 MP: 12/18
  5149 | Bailey   | Noticed an orc knight
  5184 | Bailey   | Killed an orc knight
  5185 | Bailey   | Reached skill level 9 in Earth Magic
  5476 | Bailey   | Noticed an orc warlord
  5488 | Bailey   | Slain by an orc warrior

Illustrated notes

Levels and vault maps discovered:
D:1:      nicolae_arrival_washed_ashore, layout_rooms, serial_bayou_pond_e
D:2:      layout_rooms, serial_shops, nicolae_lakefront_shop
D:3:      layout_loops_ring, mainiacjoe_overflow_tiny_flanked,
          mainiacjoe_overflow_brackets
D:4:      layout_basic, serial_aquarium, aquarium_bridge_straight
          [aquarium_subvault_bridge, aquarium_subvault_wall,
          aquarium_subvault_bridge, aquarium_subvault_window],
          aquarium_window_fake, aquarium_window_fake,
          aquarium_window_corridor_3, aquarium_window_fake, aquarium_view_2f,
          aquarium_view_2b, minmay_shop_grid_forest
D:5:      layout_loops_ring, uniq_sigmund
D:6:      layout_loops_cross, nicolae_overflow_hidden_temple,
          minmay_temple_entry_sparse_star, portal_sewer_entry_e,
          gammafunk_ghost_hive, uniq_eustachio
D:7:      layout_rooms, enter_ossuary_4, enter_bailey_2
Temple:   minmay_crystal_spiral_temple
Bailey:   bailey_axe_minmay_hex_keep, bailey

Skill      XL: |  1  2  3  4  5  6  7  8  9 |
---------------+----------------------------+-----
Earth Magic    | 4 5 6 8 9 |  9.4
Conjurations   | 2 3 4 |  4.0
Fighting       | 1 2 3 4 6 7 |  7.5
Spellcasting   | 3 4 6 |  6.9
Dodging        | |  1.5
Stealth        | |  2.1

Action                     |  1- 3 |  4- 6 |  7- 9 || total
---------------------------+-------+-------+-------++-------
  Melee: Hand axe          |    38 |    51 |    14 ||   103
         Unarmed           |     2 |       |       ||     2
   Cast: Sandblast         |    34 |    34 |   103 ||   171
         Stone Arrow       |       |       |    20 ||    20
  Evoke: Wand              |       |       |     9 ||     9
    Use: Scroll            |       |       |     7 ||     7
   Stab: Sleeping          |     2 |     4 |     2 ||     8
 Armour: Robe              |    29 |    45 |    36 ||   110
  Dodge: Dodged            |    17 |    47 |    28 ||    92

Table legend: (Time is in decaauts)
 A = Elapsed time spent in this place.
 B = Non-inter-level travel time spent in this place.
 C = Inter-level travel time spent in this place.
 D = Time resting spent in this place.
 E = Time spent auto-exploring this place.
 F = Levels seen in this place.
 G = Mean time per level.
                   A        B        C        D        E       F      G
               +--------+--------+--------+--------+--------+-----+--------+
         Total |   5601 |   5280 |    321 |      0 |   4221 |  10 |  560.1 |
       Dungeon |   4468 |   4147 |    321 |      0 |   3384 |   7 |  638.3 |
        Temple |      1 |      1 |      0 |      0 |      0 |   1 |    1.0 |
         Sewer |    508 |    508 |      0 |      0 |    401 |   1 |  508.0 |
        Bailey |    622 |    622 |      0 |      0 |    436 |   1 |  622.0 |
               +--------+--------+--------+--------+--------+-----+--------+

Top non-repeatable levels by time:
     D:5: 877 daAuts
     D:4: 826 daAuts
     D:3: 793 daAuts
     D:1: 765 daAuts
     D:2: 739 daAuts
  Bailey: 622 daAuts
   Sewer: 508 daAuts
     D:6: 434 daAuts
     D:7: 31 daAuts
  Temple: 1 daAuts
